 Dungeon Crawl Stone Soup version 0.27-a0-343-gfcad680f63 (webtiles) character file.

Game seed: 54808393996199231

63 wampuh the Digger (level 3, 0/26 HPs)
             Began as a Draconian Earth Elementalist on Feb 15, 2021.
             Slain by Sigmund
             ... wielding a +0 scythe
              (10 damage)
             ... on level 2 of the Dungeon.
             The game lasted 00:03:00 (2253 turns).

wampuh the Digger (Draconian Earth Elementalist)    Turns: 2253, Time: 00:03:01

Health: 0/26       AC:  6    Str: 10    XL:     3   Next: 89%
Magic:  4/7        EV: 11    Int: 16    God:
Gold:   66         SH:  5    Dex: 11    Spells: 7/8 levels left

rFire    x . .     SeeInvis .   g - +0 dagger (venom)
rCold    + . .     Faith    .   o - +2 buckler {reflect}
rNeg     + . .     Spirit   .   (armour unavailable)
rPois    .         Reflect  +   (helmet restricted)
rElec    .         Harm     .   (no cloak)
rCorr    .         Rampage  .   (no gloves)
Will     .....                  h - +0 pair of boots
Stlth    ++........             (no amulet)
HPRegen  0.08/turn              c - ring of ice
MPRegen  0.10/turn              p - ring of positive energy

@: no status effects
A: unfitting armour, cold-blooded, AC +5
a: no special abilities


You were on level 2 of the Dungeon.
You visited 1 branch of the dungeon, and saw 2 of its levels.

You collected 66 gold pieces.

Inventory:

Hand Weapons
 g - a +0 dagger of venom (weapon)
Missiles
 b - 117 stones
Armour
 h - a +0 pair of boots (worn)
 o - a +2 buckler of reflection (worn)
Jewellery
 c - a ring of ice (left hand)
 p - a ring of positive energy (right hand)
 q - an amulet of guardian spirit {unknown}
Scrolls
 d - a scroll of random uselessness {unknown}
 e - a scroll of fear {unknown}
 f - a scroll of teleportation {unknown}
 j - 2 scrolls of identify {unknown}
 l - a scroll of fog {unknown}
 m - 2 scrolls of amnesia {unknown}
 n - 2 scrolls of magic mapping {unknown}
Potions
 a - a potion of flight {unknown}
 i - a potion of brilliance {unknown}
 k - a potion of curing {unknown}


   Skills:
 - Level 1.7 Dodging
 - Level 1.7 Stealth
 * Level 1.0 Shields
 + Level 3.0 Spellcasting
 - Level 1.0 Transmutations
 + Level 3.9 Earth Magic


You had 7 spell levels left.
You knew the following spells:

 Your Spells              Type           Power        Failure   Level
a - Sandblast             Erth           28%          5%          1

Your spell library contained the following spells:

 Spells                   Type           Power        Failure   Level
 Passwall                 Tmut/Erth      8%           16%         2
 Stone Arrow              Conj/Erth      16%          36%         3
 Petrify                  Tmut/Erth      10%          69%         4
 Lee's Rapid Deconstruct  Erth           7%           83%         5


Dungeon Overview and Level Annotations

Branches:
Dungeon (2/15)

Altars:
Cheibriados

Annotations:
D:2 Sigmund


Innate Abilities, Weirdness & Mutations

Your plain brown scales are hard. (AC +5)
You cannot fit into any form of body armour.
You are cold-blooded and may be slowed by cold attacks.


Message History

Confirm with . or Enter, or press ? or * to list all spells.
Aiming: Sandblast (safe; 5% risk of failure)
Press: ? - help, Shift-Dir - straight line, f/p - Sigmund
Aim: Sigmund, wielding a +0 scythe and wearing a +0 robe (moderately wounded, 23% to evade)
The blast of sand hits Sigmund!
Sigmund is heavily wounded.
You block Sigmund's attack.
Casting: Sandblast (safe; 5% risk of failure)
Confirm with . or Enter, or press ? or * to list all spells.
Aiming: Sandblast (safe; 5% risk of failure)
Press: ? - help, Shift-Dir - straight line, f/p - Sigmund
Aim: Sigmund, wielding a +0 scythe and wearing a +0 robe (heavily wounded, 23% to evade)
The blast of sand misses Sigmund.
Sigmund gestures at you while chanting.
You are confused.
You're too confused to cast spells.
Sorry, you're not good enough to have a special ability.
Unknown command.
You bump into the rock wall.
Sigmund hits you with a +0 scythe.
Sigmund points at himself and mumbles some strange words.
Sigmund flickers and vanishes!
Deactivating autopickup; reactivate with Ctrl-A.
You bump into the rock wall.
Something hits you.
You're too confused to move!
You hear some strange, mumbled words.
A puff of flame appears from out of thin air!
The puff of flame hits you but does no damage.
You're too confused to move!
Something hits you.
You feel less confused. Something hits you!
Casting: Sandblast (safe; 5% risk of failure)
Confirm with . or Enter, or press ? or * to list all spells.
You can't see any susceptible monsters within range! (Use Z to cast anyway.) Unknown command.
Casting: Sandblast (safe; 5% risk of failure)
Confirm with . or Enter, or press ? or * to list all spells.
Aiming: Sandblast (safe; 5% risk of failure)
Press: ? - help, Shift-Dir - straight line The blast of sand hits something!
Something hits you!
You die...

#.......######...#####.##.#...
.....#### #...# #.##.....
#.##. #...# #.##.##.# # #
#...# #.#...... #...#
#.......# #######..# ####.##.#
.....###.#### #.....
#.#.###..{.....# ######
#.......@...##.# .#.###..#...#
# #..#....... ....#._.#.##
####.#...#.# #...... #
###.#### .# .


There were no monsters in sight!

Vanquished Creatures
  An adder (D:2)
  2 oozes (D:1)
  3 dart slugs
  3 leopard geckos
  2 ball pythons (D:1)
  A giant cockroach (D:1)
  4 goblins
  2 hobgoblins (D:1)
  5 jackals (D:1)
  5 kobolds (D:1)
  2 bats (D:1)
  3 frilled lizards (D:1)
  3 rats (D:1)
36 creatures vanquished.

Notes
Turn   | Place    | Note
-------+----------+-------------------------------------------
     0 | D:1      | wampuh the Draconian Earth Elementalist began the quest for
                  | the Orb.
     0 | D:1      | Reached XP level 1. HP: 14/14 MP: 3/3
   180 | D:1      | Reached XP level 2. HP: 20/20 MP: 0/5
   911 | D:1      | Reached XP level 3. HP: 26/26 MP: 5/7
  2098 | D:2      | Reached skill level 1 in Shields
  2236 | D:2      | Found a snail-covered altar of Cheibriados.
  2238 | D:2      | Noticed Sigmund
  2253 | D:2      | Slain by Sigmund

Illustrated notes

Levels and vault maps discovered:
D:1:      amcnicky_arrival_single_pillar, layout_loops_ring, minmay_tripent
D:2:      layout_loops_cross, cheibriados_altar_1, minmay_quantized,
          uniq_sigmund, uniq_robin

Skill      XL: |  1  2  3 |
---------------+----------+-----
Spellcasting   | 3 |  3.0
Shields        | 1 |  1.0
Dodging        | |  1.7
Stealth        | |  1.7
Transmutations | |  1.0
Earth Magic    | |  3.9

Action                   || total
-------------------------++-------
Melee: Unarmed           ||    41
       Tailslap          ||     7
       Dagger            ||    60
 Cast: Sandblast         ||    33
 Stab: Sleeping          ||     3
Armor: Skin              ||    37
Dodge: Dodged            ||    91
Block: Buckler           ||     8
       Reflection        ||     1

Table legend: (Time is in decaauts)
 A = Elapsed time spent in this place.
 B = Non-inter-level travel time spent in this place.
 C = Inter-level travel time spent in this place.
 D = Time resting spent in this place.
 E = Time spent auto-exploring this place.
 F = Levels seen in this place.
 G = Mean time per level.
                   A        B        C        D        E       F      G
               +--------+--------+--------+--------+--------+-----+--------+
         Total |   2253 |   2201 |     52 |    837 |   1022 |   2 | 1126.5 |
       Dungeon |   2253 |   2201 |     52 |    837 |   1022 |   2 | 1126.5 |
               +--------+--------+--------+--------+--------+-----+--------+

Top non-repeatable levels by time:
     D:1: 1584 daAuts
     D:2: 668 daAuts
